 Dungeon Crawl Stone Soup version 0.28.0-53-g5a82cb258f (webtiles) character file.

Game seed: 4744099338632845291

1218 MiltankisOP the Protected (level 8, 0/49 HPs)
             Began as a Gargoyle Fighter on June 14, 2022.
             Was an Initiate of Yredelemnul.
             Slain by Dowan
             ... wielding a +0 dagger
              (3 damage)
             ... on level 6 of the Dungeon.
             The game lasted 00:09:08 (6644 turns).

MiltankisOP the Protected (Gargoyle Fighter)        Turns: 6644, Time: 00:09:09

Health: 0/49       AC: 15    Str: 21    XL:     8   Next: 46%
Magic:  8/8        EV:  9    Int: 16    God:    Yredelemnul [......]
Gold:   276        SH:  4    Dex:  9    Spells: 7/7 levels left

rFire   . . .      SeeInvis .   a - +0 flail
rCold   . . .      Faith    .   c - +0 buckler
rNeg    + . .      Spirit   .   b - +0 scale mail
rPois   ∞          Reflect  .   (no helmet)
rElec   +          Harm     .   (no cloak)
rCorr   .          Rampage  .   (no gloves)
Will    .....                   p - +0 pair of boots
Stlth   ..........              (no amulet)
HPRegen 0.16/turn               e - +6 ring of intelligence
MPRegen 0.11/turn               (no ring)

@: no status effects
A: sickness immunity, AC +5, negative energy resistance 1, electricity
resistance, torment resistance 1, petrification resistance
a: Renounce Religion, Recall Undead Harvest


You were on level 6 of the Dungeon.
You worshipped Yredelemnul.
Yredelemnul was noncommittal.
You visited 1 branch of the dungeon, and saw 6 of its levels.

You collected 276 gold pieces.

Inventory:

Hand Weapons
 a - a +0 flail (weapon)
Armour
 b - a +0 scale mail (worn)
 c - a +0 buckler (worn)
 p - a +0 pair of boots (worn)
Jewellery
 e - a +6 ring of intelligence (left hand)
Wands
 r - a wand of iceblast (9)
Scrolls
 f - a scroll of magic mapping {unknown}
 h - 2 scrolls of fear {unknown}
 i - 5 scrolls of teleportation {unknown}
 j - a scroll of summoning {unknown}
 m - a scroll of immolation {unknown}
 o - a scroll of enchant armour {unknown}
 q - a scroll of brand weapon {unknown}
Potions
 d - 2 potions of might
 g - a potion of invisibility {unknown}
 k - 2 potions of brilliance {unknown}
 l - a potion of mutation {unknown}
 n - a potion of degeneration {unknown}


   Skills:
 - Level 5.2 Fighting
 - Level 6.1 Maces & Flails
 + Level 8.4 Armour
 - Level 3.4 Shields


You had 7 spell levels left.
You didn't know any spells.
Your spell library contained the following spells:

 Spells                   Type           Power      Damage    Failure   Level
 Sandblast                Erth           0%         2d4       61%         1
 Passwall                 Tmut/Erth      0%         N/A       75%         2
 Stone Arrow              Conj/Erth      0%         3d7       93%         3


Dungeon Overview and Level Annotations

Branches:
Dungeon (6/15)             Temple (0/1) D:4

Altars:
Ashenzari
Gozag
Trog
Yredelemnul

Annotations:
D:4 Imhoden's ghost, amateur MiFi
D:5 2 transporters
D:6 Dowan; Duvessa


Innate Abilities, Weirdness & Mutations

You are immune to sickness and miasma.
Your stone body is resilient. (AC +5)
You are immune to poison.
You resist negative energy. (rN+)
You are resistant to electric shocks. (rElec)
You are resistant to unholy torment.
You are immune to petrification.


Message History

Duvessa closely misses you.
The centaur zombie moves out of view.
You hit Duvessa but do no damage.
Duvessa is lightly wounded.
Duvessa hits you with a +0 rapier!
Dowan says, "Stay away from my face!"
You hit Duvessa but do no damage.
Duvessa is lightly wounded.
The bullfrog zombie hits you but does no damage.
Dowan hits you but does no damage. Duvessa hits you with a +0 rapier.
You barely miss Duvessa.
Duvessa is lightly wounded.
The bullfrog zombie hits you but does no damage.
Dowan hits you with a +0 dagger. Duvessa hits you with a +0 rapier.
* * * LOW HITPOINT WARNING * * *
The bullfrog zombie hits you but does no damage.
You barely miss Duvessa.
Duvessa is lightly wounded.
Dowan casts a spell at you.
The puff of frost hits you but does no damage.
Duvessa zaps a wand.
The puff of flame hits you!
* * * LOW HITPOINT WARNING * * *
The bullfrog zombie hits you.
* * * LOW HITPOINT WARNING * * *
You thump Duvessa!
Duvessa is heavily wounded.
You block Dowan's attack. The bullfrog zombie misses you.
Duvessa hits you with a +0 rapier.
* * * LOW HITPOINT WARNING * * *
Dowan barely misses you. Duvessa hits you but does no damage.
The bullfrog zombie completely misses you.
Unknown command.
You thump Duvessa!
Duvessa is severely wounded.
The bullfrog zombie hits you but does no damage.
Dowan hits you but does no damage.
Duvessa drinks a potion.
Duvessa is healed!
You hit Duvessa.
Duvessa is heavily wounded.
The bullfrog zombie barely misses you. Dowan hits you with a +0 dagger.
You die...
Your body rises from the dead as a mindless zombie.

######
#..<.##
#.....#
#....##
###e.#....[.
#.@e.#######
#Z#### ..Z
..♣#. ♣. #.
♣. #. . #.
#.


You could see Duvessa, Dowan, a bullfrog zombie and a centaur zombie.

Vanquished Creatures
  Edmund (D:4)
  A sky beast (D:5)
  An orc warrior (D:5)
  2 ogres
  A scorpion (D:5)
  A gnoll sergeant (D:5)
  A water moccasin skeleton (D:4)
  A hound (D:5)
  A jelly (D:5)
  A centaur skeleton (D:4)
  An orc priest (D:5)
  2 bullfrog skeletons (D:5)
  3 iguanas
  A hound skeleton (D:4)
  5 gnolls
  5 adders
  A white imp (D:5)
  2 worms
  5 dart slugs
  15 orcs
  7 ball pythons
  3 endoplasms
  3 giant cockroaches (D:2)
  5 goblins
  8 hobgoblins
  12 jackals
  3 kobolds
  6 quokkas
  8 bats
  A frilled lizard (D:2)
  6 rats
113 creatures vanquished.

Vanquished Creatures (collateral kills)
  An orc priest (D:4)
  An orc wizard (D:4)
  A hound skeleton (D:4)
  A gnoll (D:5)
  An adder (D:4)
  An orc (D:4)
  An endoplasm (D:4)
  A hobgoblin (D:4)
  A jackal (D:4)
  2 quokkas
  A kobold (D:4)
12 creatures vanquished.

Vanquished Creatures (others)
  An ogre zombie (D:4)
  A human zombie (D:4)
  An adder zombie (D:4)
  2 iguana zombies
  A dart slug zombie (D:5)
  2 gnoll zombies (D:4)
  A hobgoblin zombie (D:4)
  2 jackal zombies (D:4)
  A kobold zombie (D:4)
  7 orc zombies
  2 quokka zombies (D:4)
21 creatures vanquished.

Grand Total: 146 creatures vanquished

Notes
Turn   | Place    | Note
-------+----------+-------------------------------------------
     0 | D:1      | MiltankisOP the Gargoyle Fighter began the quest for the
                  | Orb.
     0 | D:1      | Reached XP level 1. HP: 14/14 MP: 1/1
   246 | D:1      | Reached XP level 2. HP: 16/19 MP: 2/2
   941 | D:1      | Reached XP level 3. HP: 24/24 MP: 3/3
  1942 | D:2      | Reached XP level 4. HP: 29/29 MP: 4/4
  2346 | D:3      | Found a faded altar of an unknown god.
  2359 | D:3      | Prayed at the altar of an unknown god.
  2359 | D:3      | Became a worshipper of Yredelemnul the Dark
  2359 | D:3      | Reached * piety under Yredelemnul
  2579 | D:3      | Reached ** piety under Yredelemnul
  2657 | D:3      | Noticed an ogre
  2664 | D:3      | Killed an ogre
  2665 | D:3      | Reached skill level 5 in Fighting
  2665 | D:3      | Reached XP level 5. HP: 22/35 MP: 5/5
  3070 | D:4      | Reached XP level 6. HP: 28/40 MP: 6/6
  3389 | D:4      | Reached skill level 5 in Maces & Flails
  3632 | D:4      | Reached XP level 7. HP: 20/44 MP: 7/7
  3868 | D:4      | Found a runed translucent door.
  3892 | D:4      | Noticed Imhoden's ghost (amateur MiFi)
  4028 | D:4      | Noticed Edmund
  4043 | D:4      | Killed Edmund
  4044 | D:4      | Reached skill level 4 in Armour
  4415 | D:4      | Reached skill level 5 in Armour
  4416 | D:4      | Reached *** piety under Yredelemnul
  4524 | D:4      | Found a staircase to the Ecumenical Temple.
  4652 | D:4      | Found a bloodstained altar of Trog.
  4795 | D:4      | Your ally Edmund died
  4801 | D:4      | HP: 1/44 [Imhoden's ghost (13)]
  4834 | D:5      | Entered Level 5 of the Dungeon
  5115 | D:5      | Found a transporter.
  5146 | D:5      | Found an opulent altar of Gozag.
  5255 | D:5      | Reached skill level 6 in Armour
  5504 | D:5      | Reached XP level 8. HP: 32/49 MP: 8/8
  5684 | D:5      | Reached skill level 7 in Armour
  5936 | D:5      | Reached skill level 8 in Armour
  6364 | D:5      | Found a transporter.
  6496 | D:5      | Found a broken altar of Ashenzari.
  6630 | D:6      | Noticed Duvessa
  6630 | D:6      | Noticed Dowan
  6644 | D:6      | Slain by Dowan

Illustrated notes

Levels and vault maps discovered:
D:1:      dpeg_arrival_water_temple_mockup, layout_basic, serial_rivers,
          chequers_serial_rivers_micro_e, chequers_serial_rivers_large_b,
          chequers_serial_rivers_micro_d, chequers_serial_rivers_room_a,
          chequers_serial_rivers_micro_d, dk_noncrumbling_4
D:2:      layout_rooms
D:3:      layout_loops_cross, shapermc_ecumenical_altar_mp_highgroup,
          minmay_misc_feat_more_columns
D:4:      layout_loops_corners, trog_butcher_becter, temple_hall,
          ebering_ghost_sewer_d, uniq_edmund
D:5:      gammafunk_steamed_eel, layout_loops_ring, grunt_gozag_breadcrumbs,
          mainiacjoe_overflow_cross_hatched, kennysheep_generic_room_13
D:6:      layout_loops_cross, nicolae_dithmenos_through_a_glass_darkly,
          nicolae_yredelemnul_corpse_copse, uniq_blork_the_orc, uniq_duvessa,
          uniq_sigmund

Skill      XL: |  1  2  3  4  5  6  7  8 |
---------------+-------------------------+-----
Fighting       | 4 5 |  5.2
Maces & Flails | 3 4 6 |  6.1
Armour         | 6 8 |  8.4
Shields        | |  3.4

Action                   |  1- 3 |  4- 6 |  7- 9 || total
-------------------------+-------+-------+-------++-------
Melee: Flail             |   117 |   163 |   202 ||   482
Armor: Scale mail        |    63 |   124 |   115 ||   302
Dodge: Dodged            |    69 |    91 |    78 ||   238
Block: Buckler           |    21 |    40 |    37 ||    98
